[Event "FIDE World Cadets GU12 2022"]
[Site "Batumi"]
[Date "2022.09.23"]
[Round "7.1"]
[White "Mgeladze, Kesaria"]
[Black "Kaliakhmet, Elnaz"]
[Result "1-0"]
[ECO "D00"]
[WhiteElo "1771"]
[BlackElo "1864"]
[Annotator "NA RC COMBH"]
[PlyCount "69"]
[EventDate "2022.09.16"]
[EventType "swiss"]
[EventCountry "GEO"]
[SourceTitle "playchess.com"]
[Source "ChessBase"]
[SourceQuality "1"]
[TimeControl "5400+30"]

1. d4 Nf6 2. Nc3 d5 3. Bf4 Bf5 4. f3 e6 5. g4 Bg6 6. h4 h5 7. g5 Ng8 8. e4 dxe4 9. fxe4 Bb4 10. Bg2 Ne7 11. Nge2 c6 12. Bf3 Bd6 13. Qd2 Qc7 14. O-O-O Nd7 15. d5 e5 16. dxc6 bxc6 17. Qxd6 Qxd6 18. Rxd6 exf4 19. Nxf4 Ne5 20. Be2 Rb8 21. Rhd1 Ng4 22. Nb5 O-O 23. Nxg6 Nxg6 24. Bxg4 hxg4 25. Nxa7 Ra8 26. Nxc6 Rxa2 27. Kb1 Ra4 28. h5 Nf4 29. Ne7+ Kh8 30. g6 fxg6 31. hxg6 Ra7 32. Rd8 Ra8 33. Rh1+ Nh3 34. Rd5 Ra5 35. Rxa5 1-0

[Event "FIDE World Cadets GU12 2022"]
[Site "Batumi"]
[Date "2022.09.23"]
[Round "7.2"]
[White "Ismayilova, Khanim"]
[Black "Shubhi Gupta"]
[Result "1-0"]
[ECO "D40"]
[WhiteElo "1901"]
[BlackElo "1733"]
[Annotator "TA"]
[PlyCount "59"]
[EventDate "2022.09.16"]
[EventType "swiss"]
[EventCountry "GEO"]
[SourceTitle "playchess.com"]
[Source "ChessBase"]
[SourceQuality "1"]
[TimeControl "5400+30"]

1. c4 e6 2. Nc3 d5 3. e3 Nf6 4. d4 c5 5. Nf3 Nc6 6. a3 a6 7. dxc5 Bxc5 8. b4 Ba7 9. Bb2 O-O 10. c5 {[%emt 0:09:30] D40: Queen's Gambit Declined: Semi-Tarrasch with 5 e3.} e5 11. Na4 Re8 12. Be2 {[%emt 0:00:30] Black is slightly better.} Qc7 13. O-O {[%emt 0:03:30] [#]} Be6 $146 ({Predecessor:} 13... Bf5 14. Nh4 Bg6 15. f4 Be4 16. Bd3 Rad8 17. Bxe4 dxe4 18. Qe2 g6 19. fxe5 Nd5 {0-1 (34) Turk,T (1991)-Jelica,M (2099) Sibenik 2016}) 14. Qc2 Rad8 15. Rad1 Bb8 {[%emt 0:04:30] Threatens to win with ...e4.} 16. Ng5 e4 17. g3 Bf5 {[%emt 0:02:30] White must now prevent ...Qe7.} 18. f4 h6 (18... Ba7 $15) 19. Nb6 $1 $11 {[%emt 0:01:30] Strongly threatening Bxf6.} (19. Bxf6 $2 gxf6 20. Nc3 (20. g4 hxg5 21. gxf5 d4 $17) 20... Ne7 21. Nxf7 (21. g4 $2 fxg5 22. gxf5 Nxf5 $19) 21... Kxf7 $19) 19... d4 (19... hxg5 $15 {keeps the upper hand.} 20. Bxf6 gxf6 21. Nxd5 Rxd5 $1 22. Rxd5 Bh3) 20. exd4 $16 {[%emt 0:04:30][%cal Od4d5] Hoping for d5! White is more active.} hxg5 {[%emt 0:01:47] [#] A mistake that costs the game.} ({Black should try} 20... Ba7 $1 $14) 21. d5 $1 $18 ({Inferior is} 21. fxg5 Nd5 22. Nxd5 (22. Rxf5 $2 Ne3 $19) 22... Rxd5 $17) 21... Nxd5 (21... Qe7) 22. Nxd5 Rxd5 23. Rxd5 Ne7 24. Rd6 Ba7 {[%emt 0:02:19] [#]} 25. Qc3 $1 f6 {[%emt 0:01:10] [#]} 26. Rxf6 $1 {[%emt 0:05:15][%cal Of6f8][%mdl 512] White wants to mate with Rf8+!} Nd5 (26... Bxc5+ 27. Kh1) 27. Bc4 gxf6 28. Qxf6 (28. Bxd5+ $142 Kh7 29. Qxf6 Bg6 30. f5 Bh5 31. Qxg5 Bxc5+ 32. bxc5 Qxc5+ 33. Rf2) 28... Be6 29. Qh8+ Kf7 30. Qg7# {[%emt 0:00:30] Weighted Error Value: White=0.08 (flawless) /Black=1.13} 1-0

[Event "FIDE World Cadets GU12 2022"]
[Site "Batumi"]
[Date "2022.09.23"]
[Round "7.3"]
[White "Merkulova, Victoria"]
[Black "Kholyavko, Mariya"]
[Result "1-0"]
[ECO "B31"]
[WhiteElo "1715"]
[BlackElo "1421"]
[Annotator "NA RC COMBH"]
[PlyCount "97"]
[EventDate "2022.09.16"]
[EventType "swiss"]
[EventCountry "GEO"]
[SourceTitle "playchess.com"]
[Source "ChessBase"]
[SourceQuality "1"]
[TimeControl "5400+30"]

1. e4 c5 2. Nf3 Nc6 3. Bb5 g6 4. O-O Bg7 5. c3 Nf6 6. Re1 O-O 7. h3 h6 8. e5 Nd5 9. d4 cxd4 10. cxd4 d6 11. Nc3 Nxc3 12. bxc3 a6 13. Bxc6 bxc6 14. Ba3 Be6 15. Qe2 Rb8 16. Nd2 Qa5 17. Bb4 Rxb4 18. cxb4 Qxb4 19. Qe3 Rd8 20. a3 Qa5 21. Rad1 Kh7 22. exd6 Rxd6 23. Nf3 Qa4 24. Rd2 Bf6 25. Rc1 Bd5 26. Ne5 Be6 27. Rc5 Rd5 28. Rxd5 Bxd5 29. Nd7 Qc4 30. Nxf6+ exf6 31. Rb2 Be6 32. Qf4 g5 33. Qe4+ f5 34. Qe3 Kg6 35. Rb8 Qc2 36. Re8 Bd5 37. Rg8+ Kh7 38. Rd8 Qd1+ 39. Kh2 Qf1 40. f3 Qd1 41. Qe5 Qd2 42. Qxf5+ Kg7 43. Qe5+ Kh7 44. Rh8+ Kg6 45. Rg8+ Kh5 46. Qf5 Be6 47. Qe4 a5 48. Kg3 a4 49. Qg4+ 1-0

[Event "FIDE World Cadets GU12 2022"]
[Site "Batumi"]
[Date "2022.09.23"]
[Round "7.4"]
[White "Khafizova, Diana"]
[Black "Yousefian, Maedeh"]
[Result "0-1"]
[ECO "D02"]
[WhiteElo "1411"]
[BlackElo "1765"]
[Annotator "NA RC COMBH"]
[PlyCount "116"]
[EventDate "2022.09.16"]
[EventType "swiss"]
[EventCountry "GEO"]
[SourceTitle "playchess.com"]
[Source "ChessBase"]
[SourceQuality "1"]
[TimeControl "5400+30"]

1. d4 Nf6 2. Bf4 e6 3. e3 c5 4. c3 Be7 5. Nf3 b6 6. Bd3 Bb7 7. Nbd2 O-O 8. h3 d5 9. O-O Nc6 10. Re1 Bd6 11. Ne5 Qc7 12. Ndf3 h6 13. Rc1 c4 14. Bb1 b5 15. Nxc6 Bxc6 16. Ne5 Nd7 17. Qh5 f5 18. Bxh6 Nxe5 19. dxe5 Bxe5 20. Bg5 Qf7 21. Qxf7+ Rxf7 22. f3 Raf8 23. a3 a5 24. Kf2 b4 25. axb4 axb4 26. Bf4 Bc7 27. Bxc7 Rxc7 28. Re2 Rb7 29. Ba2 Ba4 30. Ke1 Rfb8 31. Kf2 bxc3 32. bxc3 Rb2 33. Ra1 Rxe2+ 34. Kxe2 Rb2+ 35. Kf1 Bc2 36. Kg1 Bd3 37. Kh2 Kf7 38. Kg3 Kf6 39. h4 Re2 40. Kh3 Rc2 41. Kg3 Rxc3 42. Rd1 Ra3 43. Rd2 e5 44. Rb2 c3 45. Rb6+ Ke7 46. Bb1 Bxb1 47. Rxb1 Ra2 48. Rc1 d4 49. exd4 exd4 50. Kf4 Kd6 51. Kxf5 Kd5 52. g4 Kc4 53. h5 d3 54. Kg6 d2 55. Rd1 Kd3 56. Kxg7 c2 57. Rxd2+ Kxd2 58. h6 c1=Q 0-1

[Event "FIDE World Cadets GU12 2022"]
[Site "Batumi"]
[Date "2022.09.23"]
[Round "7.6"]
[White "Aydogan, Arya"]
[Black "Abramkina, Veranika"]
[Result "1/2-1/2"]
[ECO "B04"]
[WhiteElo "1489"]
[BlackElo "1445"]
[Annotator "NA RC COMBH"]
[PlyCount "180"]
[EventDate "2022.09.16"]
[EventType "swiss"]
[EventCountry "GEO"]
[SourceTitle "playchess.com"]
[Source "ChessBase"]
[SourceQuality "1"]
[TimeControl "5400+30"]

1. e4 Nf6 2. e5 Nd5 3. d4 d6 4. Nf3 g6 5. Bc4 Nb6 6. Bb3 d5 7. O-O Bg4 8. h3 Bxf3 9. Qxf3 e6 10. c3 Be7 11. Qe2 c5 12. Be3 Nc6 13. Nd2 Rc8 14. Rac1 h5 15. g3 Nd7 16. f4 c4 17. Bc2 b5 18. b4 cxb3 19. axb3 Qb6 20. Qf2 Ba3 21. Rb1 Qd8 22. Bd3 Ne7 23. c4 dxc4 24. bxc4 Nf5 25. Rxb5 Nxe3 26. Qxe3 a6 27. Rb3 Be7 28. Ne4 O-O 29. c5 a5 30. Nd6 Bxd6 31. exd6 a4 32. Ra3 h4 33. g4 Ra8 34. Bb5 Nf6 35. Rxa4 Rxa4 36. Bxa4 Qa5 37. Bc2 Nd5 38. Qf2 Qc3 39. Be4 Rb8 40. Bxd5 exd5 41. Qxh4 Qxd4+ 42. Qf2 Qc3 43. Re1 Qxh3 44. Qg2 Qc3 45. Qf2 Rb2 46. d7 Rxf2 47. d8=Q+ Kg7 48. Kxf2 Qd2+ 49. Re2 Qxf4+ 50. Kg2 Qxg4+ 51. Kf1 Qf3+ 52. Ke1 Qc3+ 53. Kf2 Qd4+ 54. Ke1 Qg1+ 55. Kd2 Qd4+ 56. Kc1 Qa1+ 57. Kc2 Qa2+ 58. Kd3 Qb3+ 59. Kd2 Qb4+ 60. Ke3 Qe4+ 61. Kf2 Qf4+ 62. Kg1 Qg3+ 63. Rg2 Qe3+ 64. Kh2 Qh6+ 65. Kg1 Qc1+ 66. Kf2 Qf4+ 67. Ke2 Qe4+ 68. Kf1 Qf4+ 69. Rf2 Qc4+ 70. Re2 Qf4+ 71. Kg1 Qg3+ 72. Rg2 Qe3+ 73. Kh2 Qh6+ 74. Kg1 Qc1+ 75. Kf2 Qf4+ 76. Ke2 Qe4+ 77. Kf1 Qf4+ 78. Rf2 Qc4+ 79. Kg1 Qg4+ 80. Kh2 Qh5+ 81. Kg3 Qe5+ 82. Kg2 Qe4+ 83. Kh2 Qe5+ 84. Kh1 Qh5+ 85. Kg1 Qd1+ 86. Rf1 Qg4+ 87. Kf2 Qf4+ 88. Ke2 Qe4+ 89. Kf2 Qf4+ 90. Kg2 Qg4+ 1/2-1/2

[Event "FIDE World Cadets GU12 2022"]
[Site "Batumi"]
[Date "2022.09.23"]
[Round "7.7"]
[White "Saparya Ghosh"]
[Black "Altynbek, Aiaru"]
[Result "1-0"]
[ECO "D00"]
[WhiteElo "1563"]
[BlackElo "1373"]
[Annotator "NA RC COMBH"]
[PlyCount "67"]
[EventDate "2022.09.16"]
[EventType "swiss"]
[EventCountry "GEO"]
[SourceTitle "playchess.com"]
[Source "ChessBase"]
[SourceQuality "1"]
[TimeControl "5400+30"]

1. d4 d5 2. Bf4 Nf6 3. e3 c6 4. Nc3 Bf5 5. f3 h5 6. Bd3 e6 7. Bxf5 exf5 8. Qd3 g6 9. Nh3 Nbd7 10. O-O Bg7 11. e4 dxe4 12. fxe4 fxe4 13. Nxe4 Nxe4 14. Qxe4+ Qe7 15. Rae1 Qxe4 16. Rxe4+ Kd8 17. Ng5 f5 18. Re2 Kc8 19. Nf7 Bxd4+ 20. Kh1 b5 21. Nxh8 Bxh8 22. Re8+ Kb7 23. Re7 Rd8 24. Rd1 Kc8 25. Bg5 Bxb2 26. Rf7 Re8 27. Rfxd7 Re2 28. R7d2 Re4 29. h3 Be5 30. Rd7 Bc7 31. Bd8 Bg3 32. Rxa7 f4 33. Re7 Rc4 34. Bb6 1-0

[Event "FIDE World Cadets GU12 2022"]
[Site "Batumi"]
[Date "2022.09.23"]
[Round "7.9"]
[White "Maklakova, Naomi"]
[Black "Assylkhan, Asiya"]
[Result "1-0"]
[ECO "D02"]
[WhiteElo "1635"]
[BlackElo "1424"]
[Annotator "NA RC COMBH"]
[PlyCount "54"]
[EventDate "2022.09.16"]
[EventType "swiss"]
[EventCountry "GEO"]
[SourceTitle "playchess.com"]
[Source "ChessBase"]
[SourceQuality "1"]
[TimeControl "5400+30"]

1. d4 d5 2. Nf3 Nf6 3. c3 e6 4. Bf4 Bd6 5. Bg3 c5 6. e3 Qc7 7. Na3 Bxg3 8. hxg3 Nbd7 9. Nb5 Qb6 10. dxc5 Nxc5 11. Qd4 a6 12. b4 axb5 13. bxc5 Qa5 14. Qb4 Bd7 15. Nd4 Ne4 16. Bxb5 Nxc3 17. Bxd7+ Kxd7 18. Qxb7+ Qc7 19. c6+ Kd6 20. Qb4+ Ke5 21. Qxc3 Qa5 22. Qxa5 Rxa5 23. O-O Kd6 24. Rfc1 Rc8 25. a4 Kc7 26. Nb5+ Kb6 27. c7 Rca8 1-0

[Event "FIDE World Cadets GU12 2022"]
[Site "Batumi"]
[Date "2022.09.23"]
[Round "7.10"]
[White "Shreya G Hipparagi"]
[Black "Urangoo, Gurvanbaatar"]
[Result "1/2-1/2"]
[ECO "B73"]
[WhiteElo "1574"]
[BlackElo "1391"]
[Annotator "NA RC COMBH"]
[PlyCount "134"]
[EventDate "2022.09.16"]
[EventType "swiss"]
[EventCountry "GEO"]
[SourceTitle "playchess.com"]
[Source "ChessBase"]
[SourceQuality "1"]
[TimeControl "5400+30"]

1. e4 c5 2. Nf3 d6 3. d4 cxd4 4. Nxd4 Nf6 5. Nc3 g6 6. Be2 Bg7 7. Be3 O-O 8. O-O Nc6 9. Kh1 d5 10. exd5 Nxd5 11. Nxd5 Nxd4 12. Bxd4 Qxd5 13. Bxg7 Qxd1 14. Raxd1 Kxg7 15. Bf3 Bf5 16. c4 Rac8 17. b3 b6 18. Rfe1 Kf6 19. Be4 Be6 20. Kg1 Rfd8 21. f3 Rxd1 22. Rxd1 Rc5 23. Kf2 Ra5 24. Rd2 Ra3 25. Bc6 Ke5 26. Be4 f5 27. Bc6 g5 28. Ke2 Ra5 29. Kd3 Rc5 30. Bb5 Bc8 31. Kc3 Ke6 32. b4 Rc7 33. Ba4 Kf6 34. Bb3 Bb7 35. a4 h5 36. Rd8 g4 37. Bd1 e5 38. Rf8+ Kg5 39. Bc2 Bc8 40. Re8 gxf3 41. gxf3 Kf4 42. a5 Ba6 43. Bd3 Bxc4 44. Bxc4 b5 45. Kb3 bxc4+ 46. Kc3 e4 47. fxe4 fxe4 48. Rf8+ Kg4 49. Re8 Kf3 50. Rf8+ Ke2 51. Rf5 e3 52. Rxh5 Ke1 53. Re5 e2 54. h4 Rf7 55. Kxc4 Kf2 56. b5 e1=Q 57. Rxe1 Kxe1 58. b6 axb6 59. axb6 Kd2 60. Kc5 Rh7 61. Kc6 Rxh4 62. b7 Rh6+ 63. Kc7 Rh7+ 64. Kc6 Rh8 65. Kc7 Rh7+ 66. Kc6 Rh8 67. Kc7 Rh7+ 1/2-1/2

[Event "FIDE World Cadets GU12 2022"]
[Site "Batumi"]
[Date "2022.09.23"]
[Round "7.11"]
[White "Hariharan, Shambavi"]
[Black "Huseynli, Ayan"]
[Result "0-1"]
[ECO "D00"]
[WhiteElo "1465"]
[BlackElo "1572"]
[Annotator "NA RC COMBH"]
[PlyCount "124"]
[EventDate "2022.09.16"]
[EventType "swiss"]
[EventCountry "GEO"]
[SourceTitle "playchess.com"]
[Source "ChessBase"]
[SourceQuality "1"]
[TimeControl "5400+30"]

1. d4 d5 2. Bf4 e6 3. e3 c5 4. c3 Qb6 5. Qb3 c4 6. Qc2 Nf6 7. Nd2 Bd6 8. Bxd6 Qxd6 9. Ngf3 b5 10. e4 Nfd7 11. e5 Qe7 12. b3 Nb6 13. a4 a6 14. Qb2 Nc6 15. axb5 axb5 16. Rxa8 Nxa8 17. Be2 O-O 18. O-O Qb7 19. Rb1 Qc7 20. h3 Bd7 21. Ne1 Rb8 22. Qc2 Nb6 23. f4 Na5 24. b4 Nc6 25. Ra1 Na4 26. Nef3 f6 27. g3 fxe5 28. fxe5 Be8 29. Rc1 Bg6 30. Qd1 Nb2 31. Qf1 Ra8 32. g4 Ra3 33. Qe1 Ne7 34. Nf1 Bd3 35. Qd2 Qa7 36. Ng5 Bxe2 37. Qxe2 Nd3 38. Rc2 Qd7 39. Kh2 h6 40. Nf3 Ng6 41. Qe3 Nxb4 42. Rc1 Nc6 43. Qf2 b4 44. cxb4 Nxb4 45. Ne1 Ra2 46. Nd2 Qf7 47. Qxf7+ Kxf7 48. Nef3 Nd3 49. Rc3 Ngf4 50. h4 Ne2 51. Rxd3 cxd3 52. g5 Nxd4 53. Nxd4 Rxd2+ 54. Kg3 Ra2 55. Nf3 d2 56. Nxd2 Rxd2 57. gxh6 gxh6 58. Kg4 Kg6 59. h5+ Kf7 60. Kf4 Rd4+ 61. Ke3 Re4+ 62. Kd3 Rxe5 0-1

[Event "FIDE World Cadets GU12 2022"]
[Site "Batumi"]
[Date "2022.09.23"]
[Round "7.12"]
[White "Sezdbekova, Aizhan"]
[Black "Kiss, Inez"]
[Result "1/2-1/2"]
[ECO "C01"]
[WhiteElo "1447"]
[BlackElo "1544"]
[Annotator "NA RC COMBH"]
[PlyCount "74"]
[EventDate "2022.09.16"]
[EventType "swiss"]
[EventCountry "GEO"]
[SourceTitle "playchess.com"]
[Source "ChessBase"]
[SourceQuality "1"]
[TimeControl "5400+30"]

1. e4 e6 2. d4 d5 3. exd5 exd5 4. Nf3 Bd6 5. c4 c6 6. Nc3 Nf6 7. Be3 Bg4 8. c5 Bc7 9. h3 Bh5 10. Be2 Nbd7 11. O-O O-O 12. b4 b5 13. a4 a6 14. Qc2 Bg6 15. Bd3 Bxd3 16. Qxd3 Re8 17. Ra2 bxa4 18. Rxa4 Ne4 19. Rfa1 Qb8 20. Ne2 Ndf6 21. Rxa6 Rxa6 22. Qxa6 Qxb4 23. Qxc6 Qb2 24. Rf1 Qxe2 25. Qxc7 Nc3 26. Ne5 Rf8 27. Qa5 Nfe4 28. c6 Rb8 29. c7 Qxf1+ 30. Kh2 Rc8 31. f3 Qe1 32. Qa6 Qg3+ 33. Kh1 Qe1+ 34. Kh2 Qg3+ 35. Kh1 Qe1+ 36. Bg1 Ng3+ 37. Kh2 Nf1+ 1/2-1/2

[Event "FIDE World Cadets GU12 2022"]
[Site "Batumi"]
[Date "2022.09.23"]
[Round "7.13"]
[White "Rathnayake, R M Dulinma Hemalni"]
[Black "Alfano, Emilie"]
[Result "0-1"]
[ECO "C95"]
[WhiteElo "1321"]
[BlackElo "1712"]
[Annotator "NA RC COMBH"]
[PlyCount "100"]
[EventDate "2022.09.16"]
[EventType "swiss"]
[EventCountry "GEO"]
[SourceTitle "playchess.com"]
[Source "ChessBase"]
[SourceQuality "1"]
[TimeControl "5400+30"]

1. e4 e5 2. Nf3 Nc6 3. Bb5 a6 4. Ba4 Nf6 5. O-O Be7 6. Re1 b5 7. Bb3 d6 8. c3 O-O 9. h3 Nb8 10. d4 Nbd7 11. Nbd2 Bb7 12. Bc2 Re8 13. Nf1 Bf8 14. Ng3 g6 15. a4 c5 16. d5 c4 17. Be3 Qc7 18. Qd2 Nc5 19. Bg5 Nfd7 20. Bh6 Nb6 21. axb5 axb5 22. h4 Nba4 23. Ra2 f6 24. Nh2 Nb3 25. Bxb3 cxb3 26. Ra3 Bxh6 27. Qxh6 Nxb2 28. Rxb3 Nd3 29. Reb1 Ba6 30. h5 Qg7 31. Qe3 Nc5 32. R3b2 Na4 33. Rc2 Rac8 34. Ng4 Qe7 35. f4 exf4 36. Qxf4 Rf8 37. hxg6 hxg6 38. Nh6+ Kh8 39. Rbc1 Nc5 40. Qf3 Rce8 41. Re2 b4 42. c4 b3 43. Kh2 Qe5 44. Rc3 b2 45. Re1 Re7 46. Ng4 Qd4 47. Rd1 Rh7+ 48. Nh5 Rxh5+ 49. Kg3 Nxe4+ 50. Kf4 Rf5# 0-1

[Event "FIDE World Cadets GU12 2022"]
[Site "Batumi"]
[Date "2022.09.23"]
[Round "7.14"]
[White "Zarkym, Ailin"]
[Black "Huseynova, Lala"]
[Result "1-0"]
[ECO "B99"]
[WhiteElo "1376"]
[BlackElo "1702"]
[Annotator "NA RC COMBH"]
[PlyCount "133"]
[EventDate "2022.09.16"]
[EventType "swiss"]
[EventCountry "GEO"]
[SourceTitle "playchess.com"]
[Source "ChessBase"]
[SourceQuality "1"]
[TimeControl "5400+30"]

1. e4 c5 2. Nf3 d6 3. d4 cxd4 4. Nxd4 Nf6 5. Nc3 a6 6. Bg5 Nbd7 7. f4 e6 8. Qf3 Be7 9. g4 Qc7 10. O-O-O b5 11. Bxf6 Nxf6 12. g5 Nd7 13. h4 b4 14. Nce2 Bb7 15. f5 e5 16. f6 exd4 17. fxe7 Ne5 18. Qf4 d3 19. Nd4 dxc2 20. Rd2 Ng6 21. Qe3 Nxe7 22. Rxc2 Qa5 23. Bc4 Qe5 24. Re1 O-O 25. h5 Rae8 26. Bb3 Nd5 27. Qd2 Ne7 28. Nf3 Qg3 29. Qd3 a5 30. h6 Nf5 31. hxg7 Nxg7 32. Rce2 Nh5 33. Re3 Qf4 34. Kb1 Ng3 35. Nd2 Nh5 36. Rh1 Ng7 37. Reh3 Bxe4 38. Nxe4 Qxe4 39. Qxe4 Rxe4 40. Bc2 Rfe8 41. Bxe4 Rxe4 42. Rxh7 Ne6 43. R7h6 Rg4 44. Rd1 Rxg5 45. Rxd6 Kg7 46. Rh1 Nf8 47. Rf1 Re5 48. Rdf6 Re7 49. R6f5 Ra7 50. Kc2 Ne6 51. Rg1+ Kf8 52. Rd5 Rc7+ 53. Kb3 Nc5+ 54. Kc4 Ne6+ 55. Kb5 Rc2 56. Kxa5 Rxb2 57. Rb5 Nd4 58. Rb8+ Ke7 59. Rb7+ Kf8 60. Rb8+ Ke7 61. Re1+ Kf6 62. Rb6+ Kg7 63. Re4 Nc2 64. Ka4 Kf8 65. Rb7 Rb1 66. Rc4 Rb2 67. Rcc7 1-0

[Event "FIDE World Cadets GU12 2022"]
[Site "Batumi"]
[Date "2022.09.23"]
[Round "7.15"]
[White "Beber, Anja"]
[Black "Semenova, Vasilisa"]
[Result "1-0"]
[ECO "D36"]
[WhiteElo "1674"]
[BlackElo "1332"]
[Annotator "NA RC COMBH"]
[PlyCount "85"]
[EventDate "2022.09.16"]
[EventType "swiss"]
[EventCountry "GEO"]
[SourceTitle "playchess.com"]
[Source "ChessBase"]
[SourceQuality "1"]
[TimeControl "5400+30"]

1. d4 d5 2. c4 e6 3. Nc3 Nf6 4. cxd5 exd5 5. Bg5 Be7 6. Nf3 c6 7. e3 O-O 8. Qc2 Re8 9. Bd3 Nbd7 10. O-O-O Qa5 11. h3 Bb4 12. Kb1 Bxc3 13. bxc3 b5 14. Bf4 Ne4 15. Rc1 Nb6 16. Ne5 Nc4 17. Ka1 Nxe5 18. Bxe5 h6 19. f3 Ng5 20. h4 Ne6 21. g4 c5 22. g5 h5 23. f4 c4 24. Be2 g6 25. f5 Nf8 26. fxg6 fxg6 27. Rhf1 Bf5 28. Rxf5 gxf5 29. Qxf5 Rxe5 30. Qxe5 Rd8 31. Bxh5 Qa3 32. Kb1 Qd6 33. Rf1 a5 34. Qxd6 Rxd6 35. Bf7+ Kg7 36. h5 b4 37. cxb4 axb4 38. Rf5 Ne6 39. h6+ Kh7 40. Rf6 Rc6 41. Rxe6 Rc7 42. Bg6+ Kg8 43. Re8# 1-0

[Event "FIDE World Cadets GU12 2022"]
[Site "Batumi"]
[Date "2022.09.23"]
[Round "7.17"]
[White "Gan, Emily Cathay"]
[Black "Sordia, Marta"]
[Result "1/2-1/2"]
[ECO "A29"]
[WhiteElo "1550"]
[BlackElo "1363"]
[Annotator "NA RC COMBH"]
[PlyCount "84"]
[EventDate "2022.09.16"]
[EventType "swiss"]
[EventCountry "GEO"]
[SourceTitle "playchess.com"]
[Source "ChessBase"]
[SourceQuality "1"]
[TimeControl "5400+30"]

1. c4 e5 2. Nc3 Nf6 3. d3 d5 4. cxd5 Nxd5 5. Nf3 Nc6 6. g3 Be7 7. Bg2 Nb6 8. O-O O-O 9. e4 Bg4 10. h3 Bxf3 11. Bxf3 Nb4 12. Be2 Qd7 13. a3 Nc6 14. Bg4 Qd8 15. Ne2 Nd4 16. Nxd4 Qxd4 17. Qc2 Qc5 18. Qe2 Rad8 19. Be3 Qb5 20. Qc2 c5 21. Rfd1 Nd7 22. f4 exf4 23. gxf4 Nf6 24. Bf3 Rfe8 25. Rd2 b6 26. Kh1 Bf8 27. Rg1 Nd5 28. Re2 Nxe3 29. Rxe3 Rd4 30. Be2 Qc6 31. Reg3 f6 32. Bh5 Red8 33. Qb3+ c4 34. dxc4 Qxc4 35. Qxc4+ Rxc4 36. Re1 Rd2 37. Rg2 Rcc2 38. Ree2 Rxe2 39. Rxe2 Rxe2 40. Bxe2 Bd6 41. f5 a5 42. a4 Kf7 1/2-1/2

[Event "FIDE World Cadets GU12 2022"]
[Site "Batumi"]
[Date "2022.09.23"]
[Round "7.18"]
[White "Enkhuyanga Gantsolmon"]
[Black "Krkyasharyan, Sona"]
[Result "1-0"]
[ECO "D49"]
[WhiteElo "1301"]
[BlackElo "1484"]
[Annotator "NA RC COMBH"]
[PlyCount "49"]
[EventDate "2022.09.16"]
[EventType "swiss"]
[EventCountry "GEO"]
[SourceTitle "playchess.com"]
[Source "ChessBase"]
[SourceQuality "1"]
[TimeControl "5400+30"]

1. d4 d5 2. Nf3 Nf6 3. c4 c6 4. e3 e6 5. Nc3 Nbd7 6. Bd3 dxc4 7. Bxc4 b5 8. Bd3 a6 9. e4 c5 10. e5 cxd4 11. Nxb5 axb5 12. exf6 gxf6 13. Nxd4 Bc5 14. Nxb5 Bb7 15. O-O Rg8 16. g3 Qb8 17. Be3 Bxe3 18. fxe3 Rxg3+ 19. Kf2 Rg2+ 20. Ke1 Qxh2 21. Be2 Rd8 22. Nd6+ Kf8 23. Nxb7 Qg3+ 24. Kd2 Nc5+ 25. Nxd8 1-0

[Event "FIDE World Cadets GU12 2022"]
[Site "Batumi"]
[Date "2022.09.23"]
[Round "7.19"]
[White "Valiyeva, Asnad"]
[Black "Imomkuzieva, Nilufarkhon"]
[Result "0-1"]
[ECO "A48"]
[WhiteElo "1265"]
[BlackElo "1481"]
[Annotator "NA RC COMBH"]
[PlyCount "79"]
[EventDate "2022.09.16"]
[EventType "swiss"]
[EventCountry "GEO"]
[SourceTitle "playchess.com"]
[Source "ChessBase"]
[SourceQuality "1"]
[TimeControl "5400+30"]

1. d4 Nf6 2. Bf4 c5 3. e3 g6 4. c3 cxd4 5. exd4 Bg7 6. Be2 d6 7. h3 O-O 8. Nf3 Nc6 9. O-O Qb6 10. Qb3 Qc7 11. Nbd2 e5 12. dxe5 dxe5 13. Be3 Be6 14. Qa3 b6 15. Bc4 Bxc4 16. Nxc4 Nd5 17. Qd6 Qxd6 18. Nxd6 Rad8 19. Nc4 Nxe3 20. Nxe3 e4 21. Nh2 f5 22. Rfd1 Ne5 23. Rab1 Nd3 24. Nhf1 Rd7 25. Nc2 Rfd8 26. Ne1 Nc5 27. Rxd7 Rxd7 28. Ne3 Na4 29. N1c2 Rd2 30. Rd1 Rd3 31. Rb1 b5 32. g3 Bh6 33. Kf1 Rd2 34. Nd4 Bxe3 35. fxe3 a6 36. b3 Nxc3 37. Rc1 Nd5 38. Rc8+ Kf7 39. Nc2 Rxc2 40. Ke1 0-1

[Event "FIDE World Cadets GU12 2022"]
[Site "Batumi"]
[Date "2022.09.23"]
[Round "7.20"]
[White "Kush, Agniya"]
[Black "Vlasova, Mariya N"]
[Result "0-1"]
[ECO "E97"]
[WhiteElo "1131"]
[BlackElo "1456"]
[Annotator "NA RC COMBH"]
[PlyCount "114"]
[EventDate "2022.09.16"]
[EventType "swiss"]
[EventCountry "GEO"]
[SourceTitle "playchess.com"]
[Source "ChessBase"]
[SourceQuality "1"]
[TimeControl "5400+30"]

1. d4 Nf6 2. c4 g6 3. Nc3 Bg7 4. e4 d6 5. Nf3 O-O 6. Be2 Nc6 7. O-O e5 8. d5 Ne7 9. h3 Nd7 10. Be3 f5 11. Ng5 Nf6 12. b4 f4 13. Bd2 h6 14. Nf3 g5 15. c5 Bd7 16. Qc2 Qc8 17. h4 g4 18. Nh2 Ng6 19. g3 Nh5 20. Qd3 f3 21. Bd1 Qd8 22. cxd6 cxd6 23. Nb5 Nxg3 24. fxg3 Qb6+ 25. Be3 Bxb5 26. Qd2 Qd8 27. Rf2 Nf4 28. Nxg4 Nh3+ 29. Kh2 Nxf2 30. Qxf2 Kh7 31. Bxf3 h5 32. Bg5 Rxf3 33. Qxf3 Qf8 34. Nf6+ Bxf6 35. Bxf6 Qf7 36. Qf5+ Qg6 37. Qe6 Rf8 38. Bg5 Rf2+ 39. Kg1 Qxe6 40. dxe6 Re2 41. Rc1 Rxe4 42. Rc7+ Kg6 43. Rxb7 a6 44. Rb6 d5 45. a4 Bxa4 46. Rxa6 Be8 47. Rb6 d4 48. Kf2 d3 49. Kf3 Re2 50. e7+ Kf7 51. Rf6+ Kxe7 52. Rc6+ Kd7 53. Rc1 e4+ 54. Kf4 d2 55. Rd1 e3 56. Ra1 Re1 57. Ra7+ Kc6 0-1